 Dungeon Crawl Stone Soup version 0.19.0-11-g3fc08b3 (webtiles) character file.

40625 Jerry the Slicer (level 14, 0/67 HPs)
             Began as a Vine Stalker Skald on Nov 8, 2016.
             Was a Follower of Uskayaw.
             Slain by an ettin
             ... wielding a +0 dire flail
              (1 damage)
             ... on level 15 of the Dungeon.
             The game lasted 02:03:11 (14690 turns).

Jerry the Slicer (Vine Stalker Skald)              Turns: 14690, Time: 02:03:11

Health: 0/67       AC: 24    Str: 18    XL:     14   Next: 11%
Magic:  0/23       EV: 18    Int: 12    God:    Uskayaw [*.....]
Gold:   428        SH:  8    Dex: 16    Spells: 3 memorised, 11 levels left

rFire  . . .     SeeInvis +     k - +4 short sword (vamp)
rCold  . . .     Gourm    .     j - +1 troll leather armour
rNeg   . . .     Faith    .     (no shield)
rPois  +         Spirit   +     p - +2 helmet
rElec  .         Reflect  +     J - +1 cloak
rCorr  .         Harm     .     i - +1 pair of gloves
MR     +....                    y - +1 pair of boots
Stlth  +.........               b - brooch of Shielding {Reflect SH+8}
                                u - ring of Robustness {AC+8}
                                g - ring of see invisible

@: infused, regenerating (expiring)
A: fangs 3, poison resistance, regeneration 2, magic shield, antimagic bite, no
device heal 3, rot immunity
a: Stomp, Renounce Religion


You were on level 15 of the Dungeon.
You worshipped Uskayaw.
Uskayaw was aware of your devotion.
You were not hungry.

You visited 3 branches of the dungeon, and saw 17 of its levels.
You visited 1 bazaar.

You collected 1216 gold pieces.
You spent 788 gold pieces at shops.

Inventory:

Hand Weapons
 k - a +4 vampiric short sword (weapon)
 Q - the +9 falchion "Moacyned" {drain, Int+3, unknown}
   (You found it on level 13 of the Dungeon)

   A truly terrible weapon, it drains the life of those it strikes.
   It affects your intelligence (+3).
 Z - a +2 short sword of speed
Missiles
 E - a throwing net (quivered)
Armour
 i - a +1 pair of gloves (worn)
 j - a +1 troll leather armour (worn)
 p - a +2 helmet (worn)
 y - a +1 pair of boots (worn)
 J - a +1 cloak (worn)
Jewellery
 b - the brooch of Shielding (around neck) {Reflect SH+8}
   (You bought it in a shop on level 9 of the Dungeon)

   [amulet of reflection]

   It shields you and reflects attacks.
   It affects your SH (+8).
 g - a ring of see invisible (left hand)
 u - the ring of Robustness (right hand) {AC+8}
   (You found it on level 6 of the Dungeon)

   [ring of protection]

   It affects your AC (+8).
 I - an uncursed amulet of rage
 O - an uncursed ring of resist corrosion
 P - an uncursed ring of magical power
 W - the ring of the Tormentor {*Tele rF+ rN+ Int-4 Dex+4}
   (You found it on level 11 of the Dungeon)

   [ring of teleportation]

   It may teleport you next to monsters.
   It affects your intelligence (-4).
   It affects your dexterity (+4).
   It protects you from fire.
   It protects you from negative energy.
Wands
 D - a wand of slowing (48/48)
 R - a wand of disintegration (12/24)
 S - a wand of digging (15/24)
Scrolls
 h - 4 scrolls of identify
 l - 3 scrolls of amnesia {unknown}
 t - 4 scrolls of remove curse
 v - 2 scrolls of teleportation
 F - a scroll of enchant weapon
 G - 2 scrolls of fear {unknown}
 K - 3 scrolls of recharging
 M - 2 scrolls of blinking
 V - a scroll of immolation
 X - a scroll of summoning {unknown}
Potions
 a - a potion of agility
 d - 2 potions of haste {unknown}
 e - 2 potions of mutation
 f - 5 potions of curing
 m - a potion of invisibility
 n - 2 potions of berserk rage
 o - 2 potions of might {unknown}
 w - a potion of cure mutation {unknown}
 z - 2 potions of ambrosia {unknown}
 A - 4 potions of lignification {unknown}
 B - 2 potions of flight {unknown}
 C - 3 potions of degeneration {unknown}
 H - a potion of magic {unknown}
 T - a potion of brilliance {unknown}
Books
 c - a book of Battle

   Spells                             Type                      Level
   a - Infusion                       Charms                       1
   b - Shroud of Golubria             Charms/Translocation         2
   c - Song of Slaying                Charms                       2
   d - Spectral Weapon                Hexes/Charms                 3
   e - Regeneration                   Charms/Necromancy            3
 L - a book of the Earth

   Spells                             Type                      Level
   a - Leda's Liquefaction            Hexes/Earth                  4
   b - Bolt of Magma                  Conjuration/Fire/Earth       5
   c - Statue Form                    Transmutation/Earth          6
   d - Iron Shot                      Conjuration/Earth            6
   e - Shatter                        Earth                        9
Miscellaneous
 N - a disc of storms
 U - a box of beasts
Comestibles
 q - 7 meat rations
 r - 12 bread rations
 s - 4 beef jerkies
 x - 3 fruits
 Y - a chunk of flesh


   Skills:
 + Level 4.9 Fighting
 - Level 12.2 Short Blades
 - Level 7.3 Armour
 + Level 9.4 Dodging
 - Level 2.1 Spellcasting
 - Level 6.0 Charms
 - Level 6.0 Necromancy
 + Level 11.1 Invocations


You had 11 spell levels left.
You knew the following spells:

 Your Spells              Type           Power        Failure   Level  Hunger
a - Infusion              Chrm           ###.         2%          1    ##.....
b - Song of Slaying       Chrm           ###.....     4%          2    ###....
c - Regeneration          Chrm/Necr      ###.......   10%         3    ####...


Dungeon Overview and Level Annotations

Branches:
Dungeon (15/15)            Temple (1/1) D:6            Lair (1/6) D:9
    Orc (0/2) D:10         Vaults (0/5) D:14
 Depths: D:15

Altars:
Ashenzari
Cheibriados
Dithmenos
Elyvilon
Fedhas
Gozag
Hepliaklqana
Kikubaaqudgha
Makhleb
Nemelex Xobeh
Okawaru
Qazlal
Ru
Sif Muna
Trog
Uskayaw
Vehumet
Xom
Yredelemnul
Zin
The Shining One

Shops:
D:4 (   D:9 (=:[   D:12 (   D:15 [

Annotations:
Lair:1 Timinator's ghost, journeyman GrCj; tailblues's ghost, journeyman DgWz


Innate Abilities, Weirdness & Mutations

You have razor-sharp teeth.
You heal very quickly.
When hurt, damage is shared between your health and your magic reserves.
Your bite disrupts and absorbs the magic of your enemies.
Potions and wands cannot restore your health.
You are immune to rotting.
Your system is resistant to poisons. (rPois)


Message History

You block the ogre mage's attack. The ettin hits you with a dire flail.
The ettin closely misses you.
You barely miss the ettin. You bite the ettin, but do no damage.
The ettin is moderately wounded.
You block the ogre mage's attack.
You hit the ettin but do no damage. You bite the ettin. You drain its power.
You feel invigorated.
The ettin is heavily wounded.
Your skin is crawling a little less now.
The ettin hits you but does no damage.
The ettin hits you with a dire flail of crushing!!
The ogre mage completely misses you.
You hit the ettin.
You feel better.
You bite the ettin, but do no damage.
The ettin is heavily wounded.
You hit the ettin.
You feel better.
The ettin is heavily wounded.
You block the ogre mage's attack. The ettin hits you with a dire flail!!
The ettin hits you with a dire flail of crushing!!!
* * * LOW HITPOINT WARNING * * *
You die...

####### .......
..... . ....... #
..#.... #.
####O...... .#..
#.@CC.#
.....##.####.#
#.......# #.#####.#
#.....#. #..#.#.#
#.#...#..
###.....#.##
.#######...#..⌠#...


You could see an ettin, a hill giant and an ogre mage.

Vanquished Creatures
  Agnes (D:14)
  Roxanne (D:15)
  Nessos (D:12)
  Josephine (D:14)
  A hydra (D:13)
  Harold (D:12)
  2 centaur warriors
  2 ogre magi
  A deep troll (D:15)
  7 skeletal warriors
  An orange crystal statue (D:12)
  9 hill giants
  2 ugly things (D:13)
  3 deep elf magi
  A manticore (D:11)
  5 slime creatures
  4 cyclopes
  3 gargoyles
  A centaur skeleton (D:14)
  A spiny frog (Lair:1)
  A kobold demonologist (D:13)
  An efreet (D:13)
  A merfolk (D:10)
  The ghost of Xarkox the Poker, an amateur DrSk of Nemelex Xobeh (D:9)
  3 two-headed ogres
  6 trolls
  The ghost of Tyryt0 the Sneak, an amateur OpFi (D:4)
  Grinder (D:5)
  5 hippogriffs
  2 shadows
  2 wyverns
  2 vampires
  10 yaks (D:11)
  6 wraiths
  3 steam dragons
  A hungry ghost (D:12)
  Menkaure (D:6)
  3 mottled dragons
  3 water moccasins
  2 ice beasts
  A phantom (D:4)
  5 sky beasts
  2 black bears
  A hornet zombie (D:14)
  7 orc warriors
  A necrophage (D:12)
  An eye of draining (D:11)
  9 ogres
  3 wolves (D:9)
  16 centaurs
  A crocodile (Lair:1)
  Blork the orc (D:4)
  6 bullfrogs
  A wyvern skeleton (D:10)
  9 scorpions
  7 wights
  4 killer bees
  A howler monkey (D:14)
  3 electric eels
  6 crimson imps
  5 centaur zombies
  2 quasits
  2 bullfrog skeletons
  A bullfrog zombie (D:11)
  6 orc priests
  10 hounds
  3 jellies
  Crazy Yiuf (D:5)
  2 iguanas
  10 worker ants
  11 orc wizards
  A killer bee zombie (D:7)
  2 hound skeletons (D:10)
  Robin (D:4)
  12 gnolls
  9 adders
  A shadow imp (D:5)
  An ooze (D:4)
  A worm (D:2)
  2 dart slugs
  6 leopard geckos
  48 orcs
  7 bats
  10 giant cockroaches
  18 goblins
  9 hobgoblins
  12 jackals
  7 kobolds
  4 quokkas
  6 frilled lizards
  A giant cockroach zombie (D:6)
  A quokka skeleton (D:5)
  7 rats
407 creatures vanquished.

Notes
Turn   | Place    | Note
-------+----------+-------------------------------------------
     0 | D:1      | Jerry the Vine Stalker Skald began the quest for the Orb.
     0 | D:1      | Reached XP level 1. HP: 11/11 MP: 4/4
    22 | D:1      | Reached skill level 1 in Armour
    27 | D:1      | Reached skill level 2 in Short Blades
   211 | D:1      | Reached XP level 2. HP: 15/15 MP: 6/6
   237 | D:1      | Learned a level 2 spell: Song of Slaying
   280 | D:1      | Found a shimmering altar of Xom.
   292 | D:1      | Found a deep blue altar of Sif Muna.
   292 | D:1      | Found a basalt altar of Yredelemnul.
   294 | D:1      | Found an iron altar of Okawaru.
   294 | D:1      | Found a sacrificial altar of Ru.
   294 | D:1      | Found a white marble altar of Elyvilon.
   464 | D:1      | Reached XP level 3. HP: 18/18 MP: 7/7
   733 | D:1      | Learned a level 3 spell: Regeneration
   763 | D:2      | Found a sacrificial altar of Ru.
  1027 | D:2      | Found an ancient bone altar of Kikubaaqudgha.
  1388 | D:3      | Reached skill level 1 in Necromancy
  1422 | D:3      | Noticed an ice beast
  1502 | D:3      | Gained mutation: Your natural rate of healing is unusually fast. [Vine Stalker growth]
  1502 | D:3      | Reached XP level 4. HP: 23/23 MP: 8/8
  1859 | D:3      | Reached skill level 3 in Short Blades
  1876 | D:3      | Reached XP level 5. HP: 21/26 MP: 4/9
  2115 | D:4      | Noticed Tyryt0's ghost (amateur OpFi)
  2120 | D:4      | Noticed Blork the orc
  2285 | D:3      | Found a hazy altar of Hepliaklqana.
  2632 | D:4      | Found Lixzeigh's Antique Weapon Shop.
  2740 | D:4      | Noticed Robin
  2834 | D:3      | Killed an ice beast
  2834 | D:3      | Reached skill level 4 in Short Blades
  2834 | D:3      | Reached XP level 6. HP: 25/30 MP: 2/10
  3001 | D:4      | Killed Robin
  3444 | D:4      | Killed Blork the orc
  3472 | D:4      | Found a bloodstained altar of Trog.
  3499 | D:4      | Reached XP level 7. HP: 16/34 MP: 8/11
  3711 | D:4      | Killed Tyryt0's ghost
  3956 | D:4      | Gained mutation: You have razor-sharp teeth. [Vine Stalker growth]
  3956 | D:4      | Reached XP level 8. HP: 29/38 MP: 3/12
  4030 | D:5      | Entered Level 5 of the Dungeon
  4058 | D:5      | Reached skill level 5 in Short Blades
  4134 | D:5      | Found a shattered altar of Ashenzari.
  4191 | D:5      | Noticed Grinder
  4207 | D:5      | Killed Grinder
  4260 | D:5      | Found a bloodstained altar of Trog.
  4346 | D:5      | Reached skill level 5 in Charms
  4346 | D:5      | Reached skill level 5 in Necromancy
  4489 | D:5      | Found a runed door.
  4493 | D:5      | Noticed Crazy Yiuf
  4498 | D:5      | Killed Crazy Yiuf
  4612 | D:6      | Found a staircase to the Ecumenical Temple.
  4621 | Temple   | Entered the Ecumenical Temple
  4716 | D:6      | Found a faded altar of an unknown god.
  4716 | D:6      | Found a burning altar of Makhleb.
  4721 | D:6      | Found a faded altar of an unknown god.
  4723 | D:6      | Found a faded altar of an unknown god.
  4725 | D:6      | Found a faded altar of an unknown god.
  4874 | D:6      | Reached XP level 9. HP: 38/42 MP: 13/13
  5090 | D:6      | Reached skill level 6 in Short Blades
  5394 | D:6      | Reached skill level 5 in Armour
  5440 | D:6      | Noticed Menkaure
  5458 | D:6      | Killed Menkaure
  6228 | D:7      | Gained mutation: Your system is resistant to poisons. (rPois) [mutagenic meat]
  6496 | D:7      | Reached skill level 7 in Short Blades
  6614 | D:7      | Found a blossoming altar of Fedhas.
  7262 | D:8      | Reached XP level 10. HP: 42/46 MP: 10/14
  7515 | D:9      | Found a white marble altar of Elyvilon.
  7529 | D:9      | Noticed Xarkox's ghost (amateur DrSk)
  7564 | D:9      | Killed Xarkox's ghost
  7607 | D:9      | Reached skill level 8 in Short Blades
  7715 | D:9      | Noticed a gargoyle
  7733 | D:9      | Found Nitamup's Jewellery Emporium.
  7781 | D:9      | Killed a gargoyle
  7805 | D:9      | Found a hide-covered altar of Uskayaw.
  7824 | D:9      | Became a worshipper of Uskayaw the Reveler
  7829 | D:9      | Bought the brooch of Shielding {Reflect SH+8} for 448 gold pieces
  7840 | D:9      | Found Wudd's Book Boutique.
  7890 | D:9      | Found Qiarph's Antique Weapon Shop.
  7902 | D:9      | Reached * piety under Uskayaw
  7929 | D:9      | Reached ** piety under Uskayaw
  7934 | D:9      | Reached *** piety under Uskayaw
  7987 | D:9      | Found a staircase to the Lair.
  8017 | D:9      | Found Ruryuh's Armour Boutique.
  8147 | D:9      | Reached skill level 1 in Invocations
  8241 | D:10     | Entered Level 10 of the Dungeon
  8287 | D:10     | Reached skill level 1 in Dodging
  8499 | D:10     | Reached **** piety under Uskayaw
  8519 | D:10     | Reached skill level 9 in Short Blades
  8587 | D:10     | Reached ***** piety under Uskayaw
  8711 | D:10     | Found a staircase to the Orcish Mines.
  8769 | D:10     | Reached XP level 11. HP: 50/50 MP: 2/15
  8775 | D:10     | Reached ****** piety under Uskayaw
  9332 | Lair:1   | Entered Level 1 of the Lair of Beasts
  9364 | Lair:1   | Noticed tailblues's ghost (journeyman DgWz)
  9368 | Lair:1   | Noticed Timinator's ghost (journeyman GrCj)
  9518 | D:11     | Reached skill level 5 in Invocations
  9829 | D:11     | Noticed a centaur warrior
  9843 | D:11     | Killed a centaur warrior
  9859 | D:11     | Noticed a cyclops
  9957 | D:11     | Noticed a cyclops
  9960 | D:11     | Reached skill level 10 in Short Blades
  9977 | D:11     | Killed a cyclops
 10078 | D:11     | Noticed a manticore
 10102 | D:11     | Killed a manticore
 10114 | D:11     | Noticed a cyclops
 10129 | D:11     | Killed a cyclops
 10180 | D:11     | Reached skill level 5 in Dodging
 10331 | D:11     | Killed a cyclops
 10370 | D:11     | Got a scorched platinum ring
 10413 | D:11     | Identified the ring of the Tormentor {*Tele rF+ rN+ Int-4 Dex+4} (You found it on level 11 of the Dungeon)
 10531 | D:11     | Noticed a hill giant
 10544 | D:11     | Killed a hill giant
 10544 | D:11     | Gained mutation: You heal very quickly. [Vine Stalker growth]
 10544 | D:11     | Reached XP level 12. HP: 54/54 MP: 17/17
 10877 | D:12     | Found Qigodeig's Antique Weapon Boutique.
 10988 | D:12     | Found a stormy altar of Qazlal.
 11150 | D:12     | Noticed Harold
 11174 | D:12     | Killed Harold
 11174 | D:12     | Reached skill level 11 in Short Blades
 11463 | D:12     | Noticed Nessos
 11483 | D:12     | Killed Nessos
 11526 | D:12     | Found a gateway to a bazaar.
 11557 | Bazaar   | Entered a bazaar
 11575 | Bazaar   | Found Pacif's Jewellery Emporium.
 11575 | Bazaar   | Found Huasuur's Armour Shoppe.
 11597 | Bazaar   | Found Emeaziq's Distillery.
 11597 | Bazaar   | Found Ziolijou's Food Shoppe.
 11631 | Bazaar   | Found Natyb's Gadget Shoppe.
 11728 | Bazaar   | Bought an uncursed ring of resist corrosion for 340 gold pieces
 11895 | D:13     | Got a crude falchion
 11917 | D:13     | Noticed a six-headed hydra
 11929 | D:13     | Killed a six-headed hydra
 12397 | D:13     | Reached XP level 13. HP: 58/58 MP: 20/20
 12642 | D:13     | Reached skill level 12 in Short Blades
 13561 | D:14     | Noticed Agnes
 13583 | D:14     | Killed Agnes
 13711 | D:14     | Noticed Josephine
 13738 | D:14     | Reached skill level 10 in Invocations
 13742 | D:14     | Killed Josephine
 14093 | D:14     | Found a gate to the Vaults.
 14306 | D:15     | Entered Level 15 of the Dungeon
 14308 | D:15     | Found Kiodoul's Antique Armour Shop.
 14353 | D:15     | Noticed Roxanne
 14357 | D:15     | Noticed an ogre mage
 14394 | D:15     | Killed an ogre mage
 14425 | D:15     | Killed Roxanne
 14507 | D:15     | Reached XP level 14. HP: 35/67 MP: 3/23
 14690 | D:15     | HP: 1/67 [ettin/dire flail (29)]
 14690 | D:15     | Slain by an ettin

Skill      XL: |  1  2  3  4  5  6  7  8  9 10 11 12 13 14 |
---------------+-------------------------------------------+-----
Armour         | 1 2 3 4 6 7 |  7.3
Short Blades   | 2 3 4 5 7 9 10 11 12 | 12.2
Necromancy     | 1 2 3 4 5 6 |  6.0
Charms         | 4 5 6 |  6.0
Fighting       | 2 4 |  4.9
Invocations    | 3 6 8 10 11 | 11.1
Dodging        | 2 5 7 9 |  9.4
Spellcasting   | |  2.1

Action                   |  1- 3 |  4- 6 |  7- 9 | 10-12 | 13-15 || total
-------------------------+-------+-------+-------+-------+-------++-------
Melee: Short sword       |   138 |   226 |   462 |  1021 |   474 ||  2321
       Bite              |    29 |    54 |   141 |   414 |   203 ||   841
Throw: Throwing net      |       |       |       |     1 |       ||     1
 Cast: Infusion          |     4 |    14 |    31 |    66 |    23 ||   138
       Song of Slaying   |     1 |     2 |     1 |     2 |       ||     6
       Regeneration      |       |       |     7 |    37 |    18 ||    62
Invok: Stomp             |       |       |       |     1 |       ||     1
       Line Pass         |       |       |       |     3 |       ||     3
       Grand Finale      |       |       |       |       |     1 ||     1
  Use: Scroll            |       |       |    19 |    10 |       ||    29
       Potion            |       |       |       |     3 |       ||     3
 Stab: Sleeping          |     1 |       |       |       |       ||     1
       Paralysed         |       |       |       |    32 |    23 ||    55
       Held in net/web   |       |       |       |     3 |       ||     3
       Confused          |       |       |       |     1 |       ||     1
  Eat: Bread ration      |     1 |       |       |       |       ||     1
       Chunk             |     2 |     7 |    15 |    22 |     9 ||    55
       Fruit             |       |       |     1 |     2 |     3 ||     6
       Pizza             |       |       |       |     1 |       ||     1
       Beef jerky        |       |       |       |       |     1 ||     1
Armor: Leather armour    |    48 |   100 |   160 |    34 |       ||   342
       Troll leather arm |       |       |       |   249 |    68 ||   317
Dodge: Dodged            |    85 |   140 |   196 |   372 |   160 ||   953
Block: Other             |       |       |       |   196 |    98 ||   294
       Reflection        |       |       |       |     9 |     4 ||    13
